 Dungeon Sprint DCSS version 0.28.0-43-g3370ac3207 (webtiles) character file.

Game seed: 10590065860737327668

7000000 smarlow the Archmage (level 27, -104/228 HPs)
             Began as a Djinni Warper on Mar 9, 2022.
             Was the Champion of Makhleb.
             Annihilated by a sculptor of flesh
             ... wielding a +9 great sword
              (189 damage)
             ... in the Dungeon (Sprint VIII: "Arena of Blood").
             The game lasted 00:04:04 (70 turns).

smarlow the Archmage (Djinni Warper)                  Turns: 70, Time: 00:04:04

Health: -104/228   AC:  6    Str: 10    XL:     27
Gold:   0          EV: 35    Int: 18    God:    Makhleb [******] SH:  0 Dex: 24

rFire   + + .      SeeInvis +   g - +∞ Axe of Woe
rCold   x . .      Faith    .   (shield currently unavailable)
rNeg    . . .      Spirit   .   b - +0 leather armour
rPois   ∞          Reflect  .   (no helmet)
rElec   .          Harm     .   (no cloak)
rCorr   .          Rampage  .   (no gloves)
Will    ++...      NoTele   +   (boots unavailable)
Stlth   ++++++++..              (no amulet)
HPRegen 0.48/turn               i - ring of see invisible
MPRegen 0.00/turn               (no ring)

@: flying
A: sickness immunity, fire resistance 2, cold vulnerability 1, float, innate
caster, HP casting, extra vitality 1
a: Renounce Religion, Minor Destruction, Lesser Servant of Makhleb, Major
Destruction, Greater Servant of Makhleb


You were in the Dungeon.
You worshipped Makhleb.
Makhleb was exalted by your worship.
You visited 1 branch

Inventory:

Hand Weapons
 a - a +0 hand axe
 g - the +∞ Axe of Woe (weapon)
   (You found it in the Dungeon)
Missiles
 d - 5 boomerangs of dispersal (quivered)
Armour
 b - a +0 leather armour (worn)
Jewellery
 i - a ring of see invisible (left hand)
Scrolls
 c - 2 scrolls of blinking
Potions
 e - a potion of curing
 f - a potion of heal wounds
 h - a potion of berserk rage


   Skills:
 O Level 27 Fighting
 + Level 22.3(25.9) Short Blades
 + Level 22.3(25.9) Long Blades
 O Level 27 Axes
 + Level 20.7(27) Maces & Flails
 + Level 20.7(27) Polearms
 + Level 22.3(27) Staves
 + Level 20.7(26.3) Slings
 + Level 20.7 Bows
 + Level 20.7 Crossbows
 O Level 27 Throwing
 O Level 27 Armour
 O Level 27 Dodging
 + Level 22.3 Stealth
 + Level 22.7 Shields
 + Level 22.7 Unarmed Combat
 O Level 27 Spellcasting
 + Level 22.7 Invocations
 + Level 22.7 Evocations


You couldn't memorise any spells.
You knew the following spells:

 Your Spells              Type           Power      Damage    Failure   Level
a - Blink                 Tloc           100%       N/A       0%          2
b - Lesser Beckoning      Tloc           88%        N/A       0%          3
c - Gell's Gravitas       Tloc           88%        N/A       0%          3
d - Teleport Other        Tloc           88%        N/A       0%          3
e - Manifold Assault      Tloc           88%        N/A       0%          5
f - Summon Small Mammal   Summ           100%       N/A       0%          1
g - Corpse Rot            Necr/Air       100%       N/A       0%          2
h - Confusing Touch       Hex            88%        N/A       0%          3
i - Flame Wave            Conj/Fire      88%        2d15      0%          4
j - Petrify               Tmut/Erth      88%        N/A       0%          4
k - Irradiate             Conj/Tmut      44%        3d28      0%          5
l - Iron Shot             Conj/Erth      44%        9d9       0%          6
m - Dragon Form           Tmut           44%        N/A       1%          7
n - Malign Gateway        Summ/Tloc      44%        N/A       1%          7
o - Lehudib's Crystal Sp  Conj/Erth      44%        10d11     1%          8
p - Discord               Hex            44%        N/A       1%          8
q - Maxwell's Capacitive  Air            44%        ∞         1%          8
r - Chain Lightning       Conj/Air       44%        3d58      2%          9
Your spell library was empty.

Dungeon Overview and Level Annotations

Branches:
Dungeon (1/1)

Altars:
Makhleb

Annotations:
D The Captor


Innate Abilities, Weirdness & Mutations

You are immune to sickness and miasma.
You are immune to poison.
Your flesh is very heat resistant. (rF++)
You are vulnerable to cold. (rC-)
You float through the air rather than walking.
You learn spells naturally, not from books.
Your magical power is your life essence.
You have superior vitality. (+4 MHP)


Message History

The bolt of lightning hits you.
The bolt of lightning hits the tyrant!!!
The tyrant is lightly damaged.
The bolt of lightning hits the large abomination!!!!
You destroy the large abomination!
The large abomination disappears in a puff of smoke!
The bolt of lightning hits the destroyer!!
The destroyer is lightly damaged.
The bolt of lightning hits the bag of meat!!
The bag of meat is lightly wounded.
The bolt of lightning hits The Captor!!!
The Captor is heavily wounded.
The bolt of lightning hits the tentacled monstrosity!!!
The tentacled monstrosity resists.
The tentacled monstrosity is heavily wounded.
The bolt of lightning hits the large abomination!!!
You destroy the large abomination!
The large abomination disappears in a puff of smoke!
The bolt of lightning hits the accursed!!
The accursed resists.
The accursed is lightly damaged.
The bolt of lightning hits the bag of meat!!
The bag of meat is severely wounded.
The bolt of lightning hits the dread!!
The dread is lightly damaged.
The bolt of lightning hits the dread!!
The dread is lightly damaged.
The bolt of lightning hits the meat beast!!!
The meat beast is lightly wounded.
The meat beast bleats!
You hear two shouts!
You hear a deafening roar!
You hear a howl!
The destroyer gestures at you while chanting.
The destroyer blinks!
You hear a shout! x2
The dread calls on the powers of darkness!
The bag of meat convulses! x2; Your body is wracked with pain!
You hear a shout!
The sculptor of flesh hits you with a +9 great sword!!!!!
Ouch! That really hurt!
You die...

#################
####......))○)§....## #
#.........☼)§§☼.......#
......).##☼##)#####§...
.......)....M.).).§....
.####..)))##.##@zL.XW..
#......).)..Vo@)....2..
#....).))..#.#...§...#
#...o..))...o......###
..#....))))...........
...#....).)...W........
.......))).............
.....∩...).............
.....O§#.).....#.


You could see an accursed, a tentacled monstrosity (summoned), a meat beast
(fast), a tyrant (fast), a destroyer, a sculptor of flesh, 2 dreads, The Captor
(fast) and 2 bags of meat.

Vanquished Creatures
  A hell beast (D)
  A royal mummy (D)
  A wraith (D)
  7 vampire knights (D)
  11 ogres (D)
  5 two-headed ogres (D)
  2 liches (D)
  45 orcs (D)
  4 skeletal warriors (D)
77 creatures vanquished.

Vanquished Creatures (others)
  An eldritch tentacle (D)
1 creature vanquished.

Grand Total: 78 creatures vanquished

Notes
Turn   | Place    | Note
-------+----------+-------------------------------------------
     0 | D        | Found the +∞ Axe of Woe
     0 | D        | smarlow the Djinni Warper began the quest for the Orb.
     0 | D        | Reached XP level 1. HP: 18/18 MP: 0/0
     4 | D        | Became a worshipper of Makhleb the Destroyer
     6 | D        | Noticed a bag of meat
     6 | D        | Noticed a bag of meat
     6 | D        | Noticed a bag of meat
     6 | D        | Noticed a bag of meat
     6 | D        | Noticed a bag of meat
     6 | D        | Noticed a bag of meat
     7 | D        | Noticed a bag of meat
     9 | D        | Killed a bag of meat
     9 | D        | Noticed a bag of meat
     9 | D        | Noticed a bag of meat
    10 | D        | Reached skill level 10 in Dodging
    10 | D        | Reached skill level 15 in Spellcasting
    10 | D        | Reached XP level 2. HP: 34/34 MP: 0/0
    10 | D        | Reached XP level 3. HP: 39/39 MP: 0/0
    10 | D        | Learned a level 1 spell: Summon Small Mammal
    10 | D        | Reached XP level 4. HP: 45/45 MP: 0/0
    10 | D        | Reached XP level 5. HP: 50/50 MP: 0/0
    10 | D        | Learned a level 2 spell: Corpse Rot
    10 | D        | Reached XP level 6. HP: 56/56 MP: 0/0
    10 | D        | Reached XP level 7. HP: 61/61 MP: 0/0
    10 | D        | Learned a level 3 spell: Confusing Touch
    10 | D        | Reached XP level 8. HP: 67/67 MP: 0/0
    10 | D        | Reached XP level 9. HP: 72/72 MP: 0/0
    10 | D        | Learned a level 4 spell: Flame Wave
    10 | D        | Reached XP level 10. HP: 78/78 MP: 0/0
    10 | D        | Reached XP level 11. HP: 84/84 MP: 0/0
    10 | D        | Learned a level 4 spell: Petrify
    10 | D        | Noticed a bag of meat
    11 | D        | Killed a bag of meat
    11 | D        | Reached * piety under Makhleb
    11 | D        | Noticed a bag of meat
    11 | D        | Noticed a bag of meat
    12 | D        | Reached skill level 10 in Fighting
    12 | D        | Reached XP level 12. HP: 92/92 MP: 0/0
    12 | D        | Killed a bag of meat
    12 | D        | Killed a bag of meat
    12 | D        | Noticed a bag of meat
    13 | D        | Reached XP level 13. HP: 101/101 MP: 0/0
    13 | D        | Learned a level 5 spell: Irradiate
    13 | D        | Noticed a bag of meat
    13 | D        | Noticed a bag of meat
    13 | D        | Noticed a bag of meat
    13 | D        | Noticed a bag of meat
    13 | D        | Noticed a bag of meat
    13 | D        | Noticed a bag of meat
    13 | D        | Noticed a bag of meat
    13 | D        | Noticed a bag of meat
    13 | D        | Noticed a bag of meat
    13 | D        | Noticed a bag of meat
    14 | D        | Killed a bag of meat
    14 | D        | Reached ** piety under Makhleb
    14 | D        | Noticed a bag of meat
    14 | D        | Noticed a bag of meat
    15 | D        | Reached XP level 14. HP: 108/108 MP: 0/0
    15 | D        | Noticed a bag of meat
    15 | D        | Noticed a bag of meat
    15 | D        | Noticed a bag of meat
    15 | D        | Noticed a bag of meat
    16 | D        | Killed a bag of meat
    16 | D        | Killed a bag of meat
    16 | D        | Noticed a bag of meat
    16 | D        | Noticed a bag of meat
    17 | D        | Killed a bag of meat
    17 | D        | Reached *** piety under Makhleb
    17 | D        | Killed a bag of meat
    17 | D        | Noticed a bag of meat
    18 | D        | Reached skill level 15 in Axes
    18 | D        | Reached skill level 5 in Throwing
    18 | D        | Reached skill level 15 in Dodging
    18 | D        | Reached XP level 15. HP: 118/118 MP: 0/0
    18 | D        | Learned a level 6 spell: Iron Shot
    18 | D        | Noticed a large bag of meat
    18 | D        | Noticed a meat berserker
    19 | D        | Reached **** piety under Makhleb
    19 | D        | Noticed a large bag of meat
    20 | D        | Reached XP level 16. HP: 108/130 MP: 0/0
    20 | D        | Reached ***** piety under Makhleb
    21 | D        | Reached skill level 5 in Armour
    21 | D        | Reached skill level 27 in Spellcasting
    21 | D        | Reached XP level 17. HP: 139/139 MP: 0/0
    21 | D        | Learned a level 7 spell: Dragon Form
    22 | D        | Reached ****** piety under Makhleb
    23 | D        | Reached XP level 18. HP: 157/157 MP: 0/0
    23 | D        | Noticed a large bag of meat
    23 | D        | Noticed a meat berserker
    24 | D        | Reached skill level 27 in Axes
    24 | D        | Noticed a destroyer
    25 | D        | Reached skill level 27 in Fighting
    25 | D        | Reached skill level 10 in Armour
    25 | D        | Reached XP level 19. HP: 174/174 MP: 0/0
    25 | D        | Learned a level 7 spell: Malign Gateway
    26 | D        | Reached skill level 27 in Dodging
    26 | D        | Killed a meat berserker
    28 | D        | Killed a large bag of meat
    29 | D        | Reached XP level 20. HP: 167/181 MP: 0/0
    30 | D        | Noticed a meat berserker
    31 | D        | Reached skill level 27 in Armour
    31 | D        | Noticed a destroyer
    32 | D        | Noticed a meat berserker
    33 | D        | Killed a meat berserker
    33 | D        | Killed a large bag of meat
    34 | D        | Reached skill level 27 in Throwing
    34 | D        | Reached XP level 21. HP: 132/187 MP: 0/0
    34 | D        | Learned a level 8 spell: Lehudib's Crystal Spear
    35 | D        | Noticed a meat berserker
    35 | D        | Noticed a destroyer
    36 | D        | Killed a large bag of meat
    36 | D        | Killed a meat berserker
    36 | D        | Noticed a meat berserker
    37 | D        | Reached skill level 5 in Maces & Flails
    37 | D        | Reached skill level 5 in Polearms
    37 | D        | Reached skill level 5 in Slings
    37 | D        | Reached skill level 5 in Bows
    37 | D        | Reached skill level 5 in Crossbows
    37 | D        | Reached XP level 22. HP: 184/194 MP: 0/0
    38 | D        | Noticed a destroyer
    38 | D        | Killed a meat berserker
    40 | D        | Killed a meat berserker
    40 | D        | Killed a destroyer
    41 | D        | Reached skill level 10 in Short Blades
    41 | D        | Reached skill level 10 in Long Blades
    41 | D        | Reached skill level 10 in Staves
    41 | D        | Reached skill level 10 in Stealth
    41 | D        | Reached skill level 10 in Shields
    41 | D        | Reached skill level 10 in Unarmed Combat
    41 | D        | Reached skill level 10 in Invocations
    41 | D        | Reached skill level 10 in Evocations
    41 | D        | Noticed a meat berserker
    41 | D        | Noticed a destroyer
    43 | D        | Killed a destroyer
    44 | D        | Reached skill level 10 in Maces & Flails
    44 | D        | Reached skill level 10 in Polearms
    44 | D        | Reached skill level 10 in Slings
    44 | D        | Reached skill level 10 in Bows
    44 | D        | Reached skill level 10 in Crossbows
    44 | D        | Reached XP level 23. HP: 201/201 MP: 0/0
    44 | D        | Learned a level 8 spell: Discord
    46 | D        | Noticed a destroyer
    47 | D        | Killed a destroyer
    48 | D        | Noticed a large bag of meat
    48 | D        | Noticed a large bag of meat
    48 | D        | Noticed a destroyer
    50 | D        | Killed a destroyer
    50 | D        | Killed a destroyer
    51 | D        | Reached XP level 24. HP: 208/208 MP: 0/0
    53 | D        | Reached skill level 15 in Short Blades
    53 | D        | Reached skill level 15 in Long Blades
    53 | D        | Reached skill level 15 in Staves
    53 | D        | Reached skill level 15 in Stealth
    53 | D        | Reached skill level 15 in Shields
    53 | D        | Reached skill level 15 in Unarmed Combat
    53 | D        | Reached skill level 15 in Invocations
    53 | D        | Reached skill level 15 in Evocations
    53 | D        | Killed a destroyer
    55 | D        | Noticed an accursed
    55 | D        | Noticed an accursed
    56 | D        | Killed a large bag of meat
    56 | D        | Killed a large bag of meat
    57 | D        | Reached skill level 15 in Maces & Flails
    57 | D        | Reached skill level 15 in Polearms
    57 | D        | Reached skill level 15 in Slings
    57 | D        | Reached skill level 15 in Bows
    57 | D        | Reached skill level 15 in Crossbows
    57 | D        | Reached XP level 25. HP: 165/214 MP: 0/0
    57 | D        | Learned a level 8 spell: Maxwell's Capacitive Coupling
    59 | D        | Noticed a tyrant
    60 | D        | Noticed a destroyer
    61 | D        | Noticed a destroyer
    61 | D        | Noticed a tyrant
    62 | D        | Noticed a dread
    62 | D        | Killed an accursed
    64 | D        | Reached XP level 26. HP: 128/221 MP: 0/0
    64 | D        | Noticed a tyrant
    64 | D        | Noticed a meat beast
    65 | D        | Killed a tyrant
    66 | D        | Killed a dread
    67 | D        | Noticed The Captor
    68 | D        | Noticed a dread
    68 | D        | Killed a tyrant
    68 | D        | Killed a destroyer
    68 | D        | Killed a meat beast
    69 | D        | Reached XP level 27. HP: 214/228 MP: 0/0
    69 | D        | Learned a level 9 spell: Chain Lightning
    69 | D        | Noticed a dread
    69 | D        | Noticed a meat beast
    70 | D        | Annihilated by a sculptor of flesh

Illustrated notes

Levels and vault maps discovered:
D:        meatsprint

Skill      XL: |  1  2  3  4  5  6  7  8  9 10 11 12 13 14 15 16 17 18 19 20 21 22 23 24 25 26 |
---------------+-------------------------------------------------------------------------------+-----
Fighting       | 9 10 12 14 16 18 23 27 | 27.0
Axes           | 8 9 11 12 15 18 20 26 27 | 27.0
Throwing       | 3 4 5 6 8 17 27 | 27.0
Armour         | 2 3 4 5 7 10 26 27 | 27.0
Dodging        | 10 11 13 15 16 17 20 25 27 | 27.0
Spellcasting   | 15 18 20 21 24 26 27 | 27.0
Short Blades   | 6 11 14 16 19 22 | 22.3
Long Blades    | 6 11 14 16 19 22 | 22.3
Maces & Flails | 5 10 13 15 17 20 | 20.7
Polearms       | 5 10 13 15 17 20 | 20.7
Staves         | 6 11 14 16 19 22 | 22.3
Slings         | 5 10 13 15 17 20 | 20.7
Bows           | 5 10 13 15 17 20 | 20.7
Crossbows      | 5 10 13 15 17 20 | 20.7
Stealth        | 6 11 14 16 19 22 | 22.3
Shields        | 6 11 14 17 19 22 | 22.7
Unarmed Combat | 6 11 14 17 19 22 | 22.7
Invocations    | 6 11 14 17 19 22 | 22.7
Evocations     | 6 11 14 17 19 22 | 22.7

Action                   |  1- 3 |  4- 6 |  7- 9 | 10-12 | 13-15 | 16-18 | 19-21 | 22-24 | 25-27 || total
-------------------------+-------+-------+-------+-------+-------+-------+-------+-------+-------++-------
Melee: Executioner's axe |     1 |       |       |     2 |     4 |     5 |     7 |    11 |     8 ||    38
 Cast: Malign Gateway    |       |       |       |       |       |       |     1 |       |       ||     1
       Discord           |       |       |       |       |       |       |       |       |     1 ||     1
       Chain Lightning   |       |       |       |       |       |       |       |       |     2 ||     2
  Use: Potion            |     1 |       |       |       |       |       |       |       |       ||     1
Dodge: Dodged            |       |       |       |       |       |       |     1 |     1 |     7 ||     9
